 Dungeon Crawl Stone Soup version 0.18.1-2-ga659475 (webtiles) character file.

137 HungrySpirit the Chiller (level 5, -1/36 HPs)
             Began as a Formicid Ice Elementalist on May 8, 2016.
             Slain by an orc
             ... wielding a +0 dagger
              (7 damage)
             ... on level 4 of the Dungeon.
             The game lasted 00:04:21 (2723 turns).

HungrySpirit the Chiller (FoIE)                     Turns: 2723, Time: 00:04:22

Health: -1/36      AC:  2    Str: 14    XL:     5   Next: 43%
Magic:  8/8        EV: 12    Int: 14    God:
Gold:   20         SH:  0    Dex: 17    Spells: 1 memorised, 7 levels left

rFire  . . .     SeeInvis +     l - +0 whip
rCold  . . .     Gourm    .     a - +0 robe
rNeg   . . .     Faith    .     (no shield)
rPois  .         Spirit   .     (helmet unavailable)
rElec  .         Dismiss  .     (no cloak)
rCorr  .         Reflect  .     (no gloves)
SustAt .         Harm     .     (no boots)
MR     .....                    (no amulet)
Stlth  ++........               (no ring)
                                i - +6 ring of dexterity

@: not resistant to hostile enchantments, unstealthy
A: permanent stasis, dig shafts and tunnels, four strong arms, antennae 3
a: Dig, Shaft Self


You were on level 4 of the Dungeon.
You were not hungry.

You visited 1 branch of the dungeon, and saw 3 of its levels.

You collected 20 gold pieces.

Inventory:

Hand Weapons
 l - a +0 whip (weapon)
Armour
 a - a +0 robe (worn)
Jewellery
 i - a +6 ring of dexterity (left hand)
Scrolls
 e - a scroll of magic mapping {unknown}
 f - a scroll of identify {unknown}
 h - a scroll of remove curse {unknown}
 k - a scroll of amnesia {unknown}
Books
 b - a book of Frost

   Spells                             Type                      Level
   a - Freeze                         Ice                          1
   b - Throw Frost                    Conjuration/Ice              2
   c - Ozocubu's Armour               Charms/Ice                   3
   d - Throw Icicle                   Conjuration/Ice              4
   e - Summon Ice Beast               Ice/Summoning                4
Comestibles
 c - 2 bread rations


   Skills:
 - Level 0.7 Fighting
 * Level 3.6 Maces & Flails
 - Level 1.7 Dodging
 - Level 2.4 Stealth
 - Level 2.1 Spellcasting
   Level 0.8 Conjurations
 + Level 4.0 Ice Magic


You had 7 spell levels left.
You knew the following spells:

 Your Spells              Type           Power        Failure   Level  Hunger
a - Freeze                Ice            ##..         4%          1    #......


Dungeon Overview and Level Annotations

Branches:
Dungeon (2/15)

Altars:
Fedhas

Annotations:
D:2 Sigmund


Innate Abilities, Weirdness & Mutations

You are under a permanent stasis effect.
You can dig through walls and to a lower floor.
Your four strong arms can wield two-handed weapons with a shield.
You have a pair of large antennae on your head (SInv).


Message History

You hit the hound but do no damage.
The hound is almost dead.
The hound barely misses you.
You hit the hound.
You kill the hound!
You hit the orc.
The orc is lightly wounded.
The orc hits you with a dagger.
* * * LOW HITPOINT WARNING * * *
You hit the orc.
The orc is moderately wounded.
The orc hits you with a dagger.
* * * LOW HITPOINT WARNING * * *
You hit the orc.
The orc is heavily wounded.
The orc closely misses you.
You closely miss the orc.
The orc is heavily wounded.
The orc hits you with a dagger!
You die...

#.............
#.............
###..............
###.................
#...................
###.................
##................
##o..............
##@#..............
#.###.............
#.# ##............
### ###..........
####....... #######


You could see an orc.

Vanquished Creatures
  A hound (D:4)
  Jessica (D:2)
  Robin (D:2)
  An adder (D:2)
  2 oozes (D:1)
  2 dart slugs (D:1)
  2 giant geckos
  A ball python (D:1)
  2 bats (D:1)
  12 goblins
  7 hobgoblins
  4 jackals (D:1)
  4 kobolds
  8 rats
48 creatures vanquished.

Notes
Turn   | Place    | Note
--------------------------------------------------------------
     0 | D:1      | HungrySpirit the Formicid Ice Elementalist began the quest for the Orb.
     0 | D:1      | Reached XP level 1. HP: 13/13 MP: 3/3
    75 | D:1      | Reached skill level 1 in Maces & Flails
    75 | D:1      | Reached XP level 2. HP: 15/20 MP: 3/5
   273 | D:1      | Reached XP level 3. HP: 7/25 MP: 3/6
  1714 | D:2      | Reached XP level 4. HP: 8/31 MP: 4/7
  1793 | D:2      | Noticed Jessica
  1799 | D:2      | Killed Jessica
  1957 | D:2      | Noticed Sigmund
  2087 | D:2      | Noticed Robin
  2129 | D:2      | Killed Robin
  2166 | D:2      | Found a blossoming altar of Fedhas.
  2169 | D:2      | Reached XP level 5. HP: 33/36 MP: 8/8
  2360 | D:2      | Reached skill level 4 in Ice Magic
  2574 | D:2      | You fall through a shaft for 2 floors!
  2723 | D:4      | Slain by an orc

Skill      XL: |  1  2  3  4  5 |
---------------+----------------+-----
Maces & Flails | 1 2 3 |  3.6
Ice Magic      | 4 |  4.0
Fighting       | |  0.7
Dodging        | |  1.7
Stealth        | |  2.4
Spellcasting   | |  2.1
Conjurations   | |  0.8

Action                   |  1- 3 |  4- 6 || total
-------------------------+-------+-------++-------
Melee: Club              |   116 |       ||   116
       Whip              |       |    85 ||    85
 Cast: Freeze            |    15 |     7 ||    22
 Abil: Dig               |       |     6 ||     6
       Shaft Self        |       |     1 ||     1
  Use: Potion            |       |     3 ||     3
 Stab: Sleeping          |     9 |       ||     9
  Eat: Chunk             |     2 |     5 ||     7
Armor: Robe              |    26 |    10 ||    36
Dodge: Dodged            |    87 |    58 ||   145
